 Dungeon Crawl Stone Soup version 0.31-a0-1204-ge2c1a860ed (webtiles) character file.

Game seed: 1406501535345243563

310 lunkers the Ruffian (level 7, -5/52 HPs)
             Began as a Meteoran Shapeshifter on Dec 13, 2023.
             Slain by an ogre
             ... wielding a +0 giant spiked club
              (25 damage)
             ... on level 4 of the Dungeon.
             The game lasted 00:04:55 (1780 turns).

lunkers the Ruffian (Meteoran Shapeshifter)         Turns: 1780, Time: 00:04:56

Health: -5/52      AC:  5    Str: 16    XL:     7   Next: 1%
Magic:  8/8        EV: 11    Int: 12    God:
Gold:   215        SH:  0    Dex: 15    Spells: 6/6 levels left

rFire   . .          .
                       - Unarmed
rCold   . . .        (no shield)
rNeg    . . .        e - +0 ring mail
rPois   .            (helmet currently unavailable)
rElec   .            (cloak currently unavailable)
rCorr   +            (gloves currently unavailable)
SInv    .            (boots currently unavailable)
Will    .....        (no amulet)
Stlth   +            m - ring of resist corrosion
HPRegen 0.28/turn    (no ring)
MPRegen 0.11/turn

%: no passive effects
@: beast-form, glowing
A: beast (slay +3), sense surroundings 1, otherworldly, glowing, explore regen
a: Begin Untransformation


You were on level 4 of the Dungeon.
You were a hulking beast.
You visited 1 branch of the dungeon, and saw 4 of its levels.

You collected 215 gold pieces.

Inventory:

Armour
 a - a +0 animal skin
 e - a +0 ring mail (worn)
 o - a +0 cloak of poison resistance
Jewellery
 m - a ring of resist corrosion (left hand)
 n - an amulet of magic regeneration
Talismans
 c - a beast talisman
 d - a flux talisman
 p - a blade talisman
Scrolls
 g - 2 scrolls of fear {unknown}
 i - a scroll of enchant weapon {unknown}
 j - a scroll of blinking {unknown}
 k - 2 scrolls of identify {unknown}
 s - a scroll of teleportation {unknown}
 v - a scroll of noise {unknown}
Potions
 b - a potion of lignification
 f - 2 potions of attraction {unknown}
 h - a potion of heal wounds {unknown}
 l - a potion of curing {unknown}
 q - a potion of brilliance {unknown}
 r - a potion of might {unknown}
 t - a potion of mutation {unknown}
 u - a potion of degeneration {unknown}


   Skills:
 - Level 1.1 Fighting
 - Level 2.1 Dodging
 * Level 7.1 Unarmed Combat
 + Level 5.4 Shapeshifting


You had 6 spell levels left.
You didn't know any spells.
Your spell library contained the following spells:

 Spells                   Type           Power      Damage    Failure   Level
 Ensorcelled Hibernation  Hex/Ice        0%         N/A       67%         2
 Jinxbite                 Hex            0%         N/A       67%         2
 Anguish                  Hex/Necr       0%         N/A       99%         4


Dungeon Overview and Level Annotations

Branches:
Dungeon (4/15) Zot: 641
 Temple: D:4-7

Altars:


Innate Abilities, Weirdness & Mutations

You are a hulking beast.
Your limbs bulge with bestial killing power. (Slay +3)
You passively map a small area around you.
You are easily found by Zot.
You glow in the dark.
You regain HP and MP as you explore.


Message History

You punch the jelly!
You kill the jelly!
You have reached level 7!
You punch the giant cockroach!
You kill the giant cockroach!
Found an escape hatch in the floor.
A giant cockroach comes into view.
You barely miss the giant cockroach. You punch the giant cockroach.
You kill the giant cockroach!
No target in view!
No target in view!
No target in view!
No target in view!
No target in view!
No target in view!
No target in view!
No target in view!
v - a scroll labelled JAMODA GAUNOQI No target in view!
Found 7 stones.
No target in view!
No target in view!
You open the door.
There is an open door here.
An ogre comes into view. It is wielding a +0 giant spiked club.
The ogre shouts!
The ogre hits you with a +0 giant spiked club!!
Ouch! That really hurt!
* * * LOW HITPOINT WARNING * * *
You punch the ogre!
The ogre is moderately wounded.
You completely miss the ogre.
The ogre is moderately wounded.
The ogre closely misses you.
A goblin comes into view. It is wielding a +0 club.
The goblin shouts!
You punch the ogre!
The ogre is severely wounded.
The ogre hits you with a +0 giant spiked club!!
You die...

####### , #.....# , * *
+...<.######## * * * *
#.....)......# * *
#.....#####...
##+###.....# #...
#........#.# #...
*##g###........#.######'#
,
......Oh................
........##.####.######.#
,...####.##'####.# #.# *
., #.#.....#.# #.# , , ,*
#.#.....#.# #.# ,
#.#.......######.# **
*#.########........ *
#.#** * #.#####.# , #.#
#.#


You could see an ogre and a goblin.

Vanquished Creatures
  A jelly (D:4)
  An iguana (D:3)
  3 orc wizards
  6 adders
  4 gnolls
  2 worms
  5 orcs
  2 ball pythons
  8 bats
  3 endoplasms
  7 giant cockroaches
  11 goblins
  10 hobgoblins
  A kobold (D:2)
  4 quokkas
  4 frilled lizards
  7 rats
79 creatures vanquished.

Notes
Turn   | Place    | Note
-------+----------+-------------------------------------------
     0 | D:1      | lunkers the Meteoran Shapeshifter began the quest for the
                  | Orb.
     0 | D:1      | Reached XP level 1. HP: 16/16 MP: 2/2
    75 | D:1      | Reached XP level 2. HP: 23/23 MP: 3/3
    88 | D:1      | Reached skill level 4 in Unarmed Combat
   502 | D:1      | Glimpsed the power of Zot.
   537 | D:1      | Reached XP level 3. HP: 19/28 MP: 4/4
   586 | D:1      | HP: 1/28 [gnoll/+0 whip (7)]
   593 | D:1      | Reached skill level 5 in Unarmed Combat
   593 | D:1      | Reached XP level 4. HP: 2/35 MP: 5/5
   785 | D:2      | Reached XP level 5. HP: 38/40 MP: 6/6
  1029 | D:3      | Reached skill level 6 in Unarmed Combat
  1104 | D:3      | Reached XP level 6. HP: 17/47 MP: 7/7
  1357 | D:3      | Found a faded altar of an unknown god.
  1387 | D:3      | Reached skill level 5 in Shapeshifting
  1741 | D:4      | Reached skill level 7 in Unarmed Combat
  1744 | D:4      | Reached XP level 7. HP: 49/52 MP: 8/8
  1780 | D:4      | Slain by an ogre

Illustrated notes

Levels and vault maps discovered:
D:1:      erik_arrival_orb_chamber, layout_basic
D:2:      layout_rooms
D:3:      cheibrodos_greedy_goblins, layout_basic,
          chequers_ecumenical_altar_twisty
D:4:      layout_basic, gammafunk_temple_overflow_wave, uniq_ijyb,
          uniq_eustachio

Skill      XL: |  1  2  3  4  5  6 |
---------------+-------------------+-----
Unarmed Combat | 4 5 6 7 |  7.1
Shapeshifting  | 4 5 |  5.4
Fighting       | |  1.1
Dodging        | |  2.1

Action                     |  1- 3 |  4- 6 |  7- 9 || total
---------------------------+-------+-------+-------++-------
  Melee: Unarmed           |    60 |   152 |     5 ||   217
         Punch             |     1 |     9 |     1 ||    11
 Armour: Animal skin       |     5 |       |       ||     5
         Ring mail         |    32 |    92 |     2 ||   126
  Dodge: Dodged            |    51 |    87 |     1 ||   139

Table legend: (Time is in decaauts)
 A = Elapsed time spent in this place.
 B = Non-inter-level travel time spent in this place.
 C = Inter-level travel time spent in this place.
 D = Time resting spent in this place.
 E = Time spent auto-exploring this place.
 F = Levels seen in this place.
 G = Mean time per level.
                   A        B        C        D        E       F      G
               +--------+--------+--------+--------+--------+-----+--------+
         Total |   1757 |   1658 |     99 |     35 |   1100 |   4 |  439.2 |
       Dungeon |   1757 |   1658 |     99 |     35 |   1100 |   4 |  439.2 |
               +--------+--------+--------+--------+--------+-----+--------+

Top non-repeatable levels by time:
     D:3: 736 daAuts
     D:1: 621 daAuts
     D:2: 316 daAuts
     D:4: 83 daAuts
